 BcadrenCrawl: Boulder Brew version 0.04.21-209-g19e16bb646 (webtiles) character file.

Game seed: 7292813996042564530, levelgen mode: deterministic

79279 st0uf the Summoner (level 15, -11/128 HPs) Pink Draconian Transmuter. Began on May 25, 2021. Was the Champion of Bahamut & Tiamat. Killed from afar by an ettin (19 damage) ... with an iceblast ... on level 1 of the Orcish Mines. The game lasted 01:25:29 (12932 turns).

st0uf the Summoner (Pink Draconian Transmuter)     Turns: 12932, Time: 01:25:30

Health: -11/128    AC: 13    Str: 17    XL:     15 ^: 40007
Magic:  0/30       EV: 15    Int: 101   God:    Bahamut & Tiamat [6* [200]]
Gold:   1412       SH:  0    Dex: 18    Spells: 5/37 levels left

rFire    . . .     Vision   x     - Unarmed
rCold    + . .     Gourm    .     - Unarmed
rNeg     . . .     Faith    .   (no armour)
rPois    +         Spirit   +   (helmet restricted)
rElec    .         Reflect  .   (no cloak)
rCorr    +         Harm     .   (no gloves)
MR       +....     Clarity  +   F - +2 pair of boots "Zenoogus" {rC+ Dex+4 Stlth+, (Curse: -Vis)} (curse)
Stlth    ++++......             T - amulet of guardian spirit
HPRegen  0.52/turn              W - ring of slaying
MPRegen  0.40/turn              J - ring of Icwur {rPois rCorr Int+2}

@: hasted, studying Axes & Hammers, very quick
A: cold-blooded, boosted crossbows aptitude, strongly boosted maces & staves
aptitude, boosted stealth aptitude, summoning enhancer 2, clarity, AC +10
a: Breathe Butterflies, Enhanced Breath, Drake Mount, Change Draconian Colour,
Renounce Religion


You were on level 1 of the Orcish Mines.
You worshipped Bahamut & Tiamat.
Bahamut & Tiamat was exalted by your worship.
You were hungry.

You visited 4 branches of the dungeon, and saw 14 of its levels.
You also visited: Volcano.

You collected 1412 gold pieces.

Inventory:

Armour
 i - a +0 pair of boots
 F - the cursed +2 pair of boots "Zenoogus" (worn) {rC+ Dex+4 Stlth+, (Curse: -Vis)}
   (You found it on level 1 of the Lair of Beasts)

   It affects your dexterity (+4).
   It protects you from cold.
   It makes you more stealthy.
   It has a curse placed upon it.
   { (Curse: -Vis)}
Magical Staves
 w - a -1 staff of earth
 B - a +0 chaotic staff of cold
 M - the +2 staff of Moderation {shield, fire; *Drain rF+ rN+ Str+7 Int+3}
   (You found it on level 6 of the Lair of Beasts)

   [staff of fire]

   Base accuracy: +5 Base damage: 5 Base attack delay: 1.2 This weapon's minimum
   attack delay (0.6) is reached at skill level 12.
   Exudes a magical forcefield from the head of the staff; granting some measure
   of shielding for the wielder.
   The strength of the forcefield depends on the wielder's skill in the staff's
   primary element and charms.
   Additional increases the spellpower of charms spells.
   It falls into the 'Staves' category.
   It is one handed.
   Its enchantment grants additive spellpower to the spells it enhances.
Jewellery
 q - an uncursed amulet of harm
 y - an uncursed ring of protection
 D - an uncursed ring of wizardry
 H - an uncursed ring of positive energy
 J - the ring of Icwur (right hand) {rPois rCorr Int+2}
   (You found it on level 2 of the Lair of Beasts)

   [ring of resist corrosion]

   It affects your intelligence (+2).
   It protects you from poison.
   It provides partial protection from all sources of acid and corrosion.
 K - an uncursed ring of wizardry
 P - an uncursed ring of evasion
 T - an amulet of guardian spirit (around neck)
 W - a ring of slaying (left hand)
Wands
 p - a wand of iceblast (8)
 x - a wand of flame (27)
 z - a wand of disintegration (1)
 A - a wand of ensnaring (19)
 I - a wand of hasting (14)
 N - a wand of random effects (39)
 O - a wand of acid (5)
 S - a wand of enslavement (11)
 U - a wand of polymorph (16)
Scrolls
 f - 4 scrolls of summoning
 g - 2 scrolls of bless item
 k - 4 scrolls of silence
 l - 12 scrolls of enchantment
 m - 10 scrolls of teleportation
 n - a scroll of immolation
 o - 5 scrolls of fear
 u - 4 scrolls of magic mapping
 C - 5 scrolls of amnesia
 E - a scroll of fog
 R - a scroll of holy word
Potions
 a - 7 potions of agility
 b - 4 potions of lignification
 d - 7 potions of haste
 e - 5 potions of mutation
 h - a potion of cancellation
 j - 6 potions of curing
 s - 2 potions of heal wounds
 t - a potion of beneficial mutation
 v - a potion of invisibility
 G - 5 potions of might
 L - 3 potions of resistance
 Q - a potion of cure mutation
Miscellaneous
 r - a phial of floods
Comestibles
 c - 43 rations


   Skills:
 - Level 10.5 Fighting
 - Level 4.5 Dodging
 - Level 3.6 Stealth
 - Level 11.7 Unarmed Combat
 + Level 11.9 Spellcasting
 - Level 0.2 Hexes
 + Level 13.0 Summonings
 - Level 6.6 Transmutations
 - Level 9.0 Fire Magic
 - Level 0.9 Ice Magic
 - Level 1.1 Air Magic
 - Level 12.0 Invocations


You had 5 spell levels left.
You knew the following spells:

 Your Spells              Type           Power        Failure   Level  Hunger
a - Beastly Appendage     Tmut           50 (50)      0%          1    None
b - Snakes to Sticks      Hex/Tmut       92 (100)     0%          3    None
c - Blade Hands           Tmut           114 (200)    1%          5    None
d - Freezing Cloud        Ice/Air        69 (200)     1%          6    None
e - Dragon's Call         Summ           198 (200)    3%          9    None
f - Ignition              Fire           127 (200)    1%          8    None

Your spell library contained the following spells:

 Spells                   Type           Power        Failure   Level  Hunger
 Flame Tongue             Fire           30 (30)      0%          1    None
 Poisonous Vapours        Pois/Air       50 (50)      0%          1    None
 Sticks to Snakes         Tmut           100 (100)    0%          2    None
 Conjure Flame            Fire           100 (100)    0%          3    None
 Ignite Poison            Fire/Tmut      100 (100)    0%          3    None
 Scorpion Form            Tmut/Pois      91 (200)     0%          3    None
 Fireball                 Fire           127 (200)    0%          5    None
 Mephitic Cloud           Pois/Air       64 (100)     1%          3    None
 Cause Fear               Hex            60 (200)     1%          4    None
 Ice Form                 Ice/Tmut       95 (100)     1%          4    None
 Still Winds              Hex/Air        66 (200)     1%          4    None
 Bolt of Fire             Fire           127 (200)    1%          6    None
 Ring of Flames           Chrm/Fire      100 (200)    1%          6    None
 Starburst                Fire           127 (200)    1%          6    None
 Dragon Form              Tmut           114 (200)    1%          7    None


Dungeon Overview and Level Annotations

Branches:
Dungeon (6/8)              Temple (1/1) D:4            Lair (6/6) D:5
 Shoals (0/4) Lair:3       Spider (0/4) Lair:4        Slime (0/5) Lair:6
    Orc (1/2) D:6         Volcano (visited)

Altars:
Ashenzari Bahamut & Tiamat
Cheibriados
Dithmenos
Elyvilon
Fedhas Madash
Hepliaklqana
Kikubaaqudgha
Makhleb
Nemelex Xobeh
Okawaru
Qazlal
Ru
Sif Muna
Trog
Uskayaw
Vehumet
Wu Jian
Xom
Yredelemnul
Zin
The Shining One
Jiyva

Shops:
D:4 (   D:5 %

Annotations:
D:6 exclusion: obsidian statue
Lair:6 2 runed translucent doors, Darold's ghost, journeyman MfNo


Innate Abilities, Weirdness & Mutations

Your fierce pink scales are resilient. (AC +10)
You can breathe friendly butterflies.
You are cold-blooded and are slowed more easily by cold attacks.
You are naturally skilled at Crossbows (Aptitude +3).
You are naturally adept at Maces & Staves (Aptitude +5).
You are naturally skilled at Stealth (Aptitude +3).
You are strongly in touch with the powers of summonings.
Your fierce pink scales grant you exceptional clarity of mind. (clarity)


Message History

You punch the ettin (10)! You hit the ettin (1).
The ettin is severely wounded. (24/69) HP The ettin hits you with a +0 dire flail (41)!!!
* * * LOW HITPOINT WARNING * * *
Tiamat quickens your movements.
The ettin hits you with a cursed +6 dire flail of holy wrath {(Curse: Fragile)} (12)!
* * * LOW HITPOINT WARNING * * *
Tiamat extends your haste.
Things that are here:
a +0 mace; an orc corpse
There is a staircase back to the Dungeon here.
The stone giant hurls a boulder.
The boulder strikes you (17)!
* * * LOW HITPOINT WARNING * * *
The boulder freezes you (4).
* * * LOW HITPOINT WARNING * * *
The boulder explodes!
The explosion of boulder fragments engulfs you but does no damage (0).
The ettin zaps a wand.
The mass of ice explodes!
The iceblast engulfs you (19)!! You partially resist.
You die...

.......# ........ ###
. .....## ##.## .....
#....# ...#
.....##..))###...###
......#...)..##.##.##
..........[....).).[#
.......#......#.#..#
..)....#[[§§§.C)@[C#
...$...†$.§§§.[)#.##
.))>...)†§§§§§.####
.....)$[.§§§§##.#
......$[##§○)....#
......#..§§..##.##
...#..4.†..)..###
...#C†.......## ..
.o3o.......#


You could see a stone giant and an ettin.

Vanquished Creatures
  An orc warlord (Orc:1)
  A red draconian (Volcano)
  A fire dragon (Lair:6)
  Fannar (D:5)
  5 boulder beetles
  An alligator (Lair:6)
  A catoblepas (Lair:4)
  A swooping magpie (Lair:4)
  Nergalle (Lair:4)
  A swamp dragon (Lair:6)
  A two-headed ogre (D:5)
  13 hydras
  An orc knight (Orc:1)
  2 centaur warriors
  An oklob plant (Lair:5)
  A rock worm (D:6)
  2 orc sorcerers (Orc:1)
  2 torpor snails (Lair:6)
  6 death yaks
  22 giraffes
  A manticore (Lair:3)
  A molten gargoyle (Volcano)
  8 black mambas
  11 spiny frogs
  Maggie (Lair:1)
  4 elephants (Lair:3)
  2 trolls
  6 rime drakes
  11 komodo dragons
  11 polar bears
  3 raiju (Lair:6)
  12 dream sheep
  12 blink frogs
  A cyclops (D:6)
  A hippogriff (Lair:3)
  Sigmund (D:3)
  3 steam dragons
  21 yaks
  9 wyverns
  7 fire bats (Volcano)
  2 guardian mummies (D:3)
  6 basilisks
  2 hungry ghosts (D:6)
  A vampire mosquito (D:6)
  Purgy (D:2)
  Edmund (D:3)
  A phantom (D:6)
  11 wargs
  18 water moccasins
  2 necrophages
  14 orc warriors
  15 hell hounds
  12 porcupines
  2 scorpions (D:4)
  5 sky beasts
  3 ice beasts
  A swamp drake (Lair:6)
  Ijyb (D:3)
  14 black bears
  9 ogres
  33 wolves
  23 crocodiles
  8 big kobolds
  16 bullfrogs
  A gnoll sergeant (D:5)
  8 centaurs
  A howler monkey (D:4)
  3 killer bees (D:5)
  2 wights
  2 quasits
  2 electric eels (Lair:2)
  3 jellies
  4 lava snakes (Volcano)
  9 orc priests
  9 hounds
  6 iguanas
  9 mummies (D:3)
  4 hell rats (D:3)
  6 ogre zombies (D:6)
  5 worker ants
  15 orc wizards
  6 giant cockroaches
  A spectral orc (D:3)
  An iron imp (D:4)
  3 bullfrog zombies (D:4)
  9 gnolls
  4 bullfrog skeletons
  A shadow imp (D:4)
  9 adders
  A porcupine simulacrum (D:3)
  7 sewer rats (D:2)
  A white imp (D:6)
  7 spectral hell rats (D:3)
  A spectral worker ant (D:3)
  5 cinder newts
  2 worms
  A spectral iguana (D:3)
  A hound zombie (D:4)
  3 ufetubi (D:6)
  2 worker ant zombies (D:5)
  An ooze (D:2)
  A hound simulacrum (D:3)
  A worker ant simulacrum (D:3)
  2 dart slugs (D:1)
  3 leopard geckos
  47 orcs
  A spectral cinder newt (D:3)
  An adder skeleton (D:3)
  A cinder newt skeleton (D:2)
  5 goblins (D:1)
  A hobgoblin (D:1)
  16 kobolds
  4 quokkas
  2 ball pythons
  7 bats
  A bat skeleton (D:2)
  5 goblin zombies (D:6)
  2 hobgoblin skeletons (D:6)
  A hobgoblin zombie (D:6)
  An orc skeleton (D:6)
  10 orc zombies (D:6)
  2 quokka simulacra (D:3)
  A quokka skeleton (D:3)
  A rat (D:2)
  A bush (Lair:2)
  2 fungi
  8 plants
  5 withered plants (D:2)
679 creatures vanquished.

Vanquished Creatures (others)
  A komodo dragon (Lair:6)
  An adder simulacrum (D:3)
  9 bushes
  2 butterflies (D:5)
  11 fungi
  23 plants
  69 withered plants (D:2)
116 creatures vanquished.

Grand Total: 795 creatures vanquished

Notes
Turn   | Place    | Note
-------+----------+-------------------------------------------
     0 | D:1      | st0uf the Immature Draconian Transmuter began the quest for
                  | the Orb.
     0 | D:1      | Reached XP level 1. HP: 16/16 MP: 4/4
    54 | D:1      | Reached XP level 2. HP: 23/23 MP: 5/5
   160 | D:1      | Reached XP level 3. HP: 24/29 MP: 7/7
   560 | D:2      | Reached XP level 4. HP: 32/36 MP: 9/9
   588 | D:2      | Noticed a water moccasin
   600 | D:2      | Learned a level 3 spell: Snakes to Sticks
   604 | D:2      | Killed a water moccasin
   604 | D:2      | Reached XP level 5. HP: 44/44 MP: 0/10
   676 | D:2      | Reached XP level 6. HP: 39/51 MP: 10/12
   688 | D:2      | Learned a level 5 spell: Blade Hands
   818 | D:2      | Noticed Purgy
   823 | D:2      | Killed Purgy
   823 | D:2      | Reached skill level 5 in Unarmed Combat
   823 | D:2      | Your scales start taking on a lurid green colour.
   823 | D:2      | Reached XP level 7. HP: 57/57 MP: 7/13
   823 | D:2      | Gained mutation: Your fierce pink scales grant you
                  | exceptional clarity of mind. (clarity) [Green Draconian
                  | growth]
   823 | D:2      | Gained mutation: You are strongly in touch with the powers
                  | of summonings. [Green Draconian growth]
  1848 | D:3      | Noticed Edmund
  1852 | D:3      | Killed Edmund
  1852 | D:3      | Reached skill level 5 in Spellcasting
  1954 | D:3      | Reached XP level 8. HP: 67/67 MP: 9/15
  1970 | D:3      | Noticed Ijyb
  1972 | D:3      | Killed Ijyb
  2273 | D:3      | Noticed Sigmund
  2285 | D:3      | Killed Sigmund
  2285 | D:3      | Reached skill level 5 in Fighting
  2683 | D:3      | Reached XP level 9. HP: 39/75 MP: 18/18
  3097 | D:4      | Reached skill level 5 in Transmutations
  3116 | D:4      | Found a staircase to the Ecumenical Temple.
  3126 | Temple   | Entered the Ecumenical Temple
  3180 | Temple   | Became a worshipper of Bahamut & Tiamat
  3344 | D:4      | Reached skill level 1 in Invocations
  3483 | D:4      | Found a sacrificial altar of Ru.
  3520 | D:4      | Identified the +4 long sword of Mosisur {venom, rF+}
  3621 | D:4      | Reached * piety under Bahamut & Tiamat
  3627 | D:4      | Identified the +1 quarterstaff "Nohogg" {crush, rPois}
  3631 | D:4      | Reached skill level 1 in Stealth
  3671 | D:4      | Found Tiomocy's Weapon Emporium.
  3906 | D:5      | Entered Level 5 of the Dungeon
  3907 | D:5      | Gained mutation: You are naturally skilled at Crossbows
                  | (Aptitude +3). [draconic bloodline]
  3907 | D:5      | Reached XP level 10. HP: 86/86 MP: 22/22
  3947 | D:5      | Noticed Fannar
  3949 | D:5      | Noticed a centaur warrior
  3957 | D:5      | Killed a centaur warrior
  3960 | D:5      | Reached ** piety under Bahamut & Tiamat
  3972 | D:5      | Killed Fannar
  4012 | D:5      | Found Bojiu's Food Shoppe.
  4028 | D:5      | Identified the cursed ring of Ufuabiu {rF+ rC+ rN++ MR+
                  | Int+4 Dex-5, (Curse: *Slow Fragile Stlth-)}
  4109 | D:5      | Found a bloodstained altar of Trog.
  4207 | D:5      | Reached *** piety under Bahamut & Tiamat
  4214 | D:5      | Found a staircase to the Lair.
  4309 | D:5      | Noticed a two-headed ogre
  4313 | D:5      | Killed a two-headed ogre
  4313 | D:5      | Reached XP level 11. HP: 56/95 MP: 24/24
  4565 | D:6      | Noticed a five-headed hydra
  4579 | D:6      | Killed a five-headed hydra
  4617 | D:6      | Found a staircase to the Orcish Mines.
  4627 | D:6      | Reached **** piety under Bahamut & Tiamat
  4931 | D:6      | Reached skill level 10 in Unarmed Combat
  5051 | D:6      | Identified the cursed ring "Sifiucle" {MR+ rCorr Int+3
                  | Dex-2, (Curse: Fragile rF-)}
  5101 | D:6      | Reached ***** piety under Bahamut & Tiamat
  5650 | D:6      | Noticed an eight-headed hydra
  5655 | D:6      | Killed an eight-headed hydra
  5716 | Lair:1   | Entered Level 1 of the Lair of Beasts
  5716 | Lair:1   | Identified the cursed +2 pair of boots "Zenoogus" {rC+
                  | Dex+4 Stlth+, (Curse: -Vis)}
  5778 | Lair:1   | Found an iron altar of Okawaru.
  5787 | Lair:1   | Reached skill level 5 in Invocations
  5838 | Lair:1   | Reached skill level 10 in Spellcasting
  6014 | Lair:1   | Noticed Maggie
  6022 | Lair:1   | Killed Maggie
  6144 | Lair:1   | Gained mutation: You are naturally skilled at Stealth
                  | (Aptitude +3). [draconic bloodline]
  6144 | Lair:1   | Reached XP level 12. HP: 101/106 MP: 20/26
  6403 | Lair:2   | Identified the ring of Icwur {rPois rCorr Int+2}
  6917 | Lair:2   | Reached skill level 10 in Fighting
  7017 | Lair:3   | Found a dark tunnel.
  7031 | Lair:3   | Learned a level 6 spell: Freezing Cloud
  7081 | Volcano  | Entered a volcano
  7325 | Volcano  | Noticed a red draconian
  7347 | Volcano  | Found a burning altar of Makhleb.
  7352 | Volcano  | Killed a red draconian
  7353 | Volcano  | Reached skill level 1 in Air Magic
  7558 | Lair:3   | Reached ****** piety under Bahamut & Tiamat
  7562 | Lair:3   | Received a gift from Bahamut & Tiamat
  7574 | Lair:3   | Learned a level 9 spell: Dragon's Call
  7583 | Lair:3   | Learned a level 8 spell: Ignition
  7612 | Lair:3   | Reached skill level 1 in Summonings
  7612 | Lair:3   | Reached skill level 1 in Fire Magic
  7666 | Lair:3   | Reached skill level 2 in Summonings
  7961 | Lair:3   | Gained mutation: You are strongly in touch with the powers
                  | of summonings. [Green Draconian growth]
  7961 | Lair:3   | Reached XP level 13. HP: 51/114 MP: 28/28
  7964 | Lair:3   | Reached skill level 3 in Summonings
  8110 | Lair:3   | Reached skill level 4 in Summonings
  8324 | Lair:3   | Found a staircase to the Shoals.
  8599 | Lair:4   | Reached skill level 5 in Summonings
  8604 | Lair:4   | Reached skill level 5 in Fire Magic
  8855 | Lair:4   | Found a hole to the Spider Nest.
  8976 | Lair:4   | Noticed Nergalle
  8992 | Lair:4   | Killed Nergalle
  9237 | Lair:4   | Reached skill level 6 in Summonings
  9653 | Lair:5   | Reached skill level 10 in Invocations
  9653 | Lair:5   | Gained mutation: You are naturally skilled at Maces &
                  | Staves (Aptitude +3). [draconic bloodline]
  9653 | Lair:5   | Reached XP level 14. HP: 117/122 MP: 29/29
 10834 | Lair:5   | Your scales start taking on an empereal azure colour.
 10834 | Lair:5   | Reached XP level 14. HP: 122/122 MP: 29/29
 10836 | Lair:6   | Entered Level 6 of the Lair of Beasts
 10915 | Lair:6   | Reached skill level 7 in Summonings
 10959 | Lair:6   | Your scales start taking on a slimy lime-green colour.
 10959 | Lair:6   | Reached skill level 10 in Transmutations
 10959 | Lair:6   | Reached XP level 14. HP: 82/122 MP: 29/29
 11016 | Lair:6   | Identified the +0 pair of boots of Wasted Space {rElec
                  | rPois MR- Int+2}
 11082 | Lair:6   | Identified the +2 staff of Moderation {shield, fire; *Drain
                  | rF+ rN+ Str+7 Int+3}
 11537 | Lair:6   | Noticed Darold's ghost (journeyman MfNo)
 11545 | Lair:6   | Found a large runed translucent door.
 11545 | Lair:6   | Found a large runed translucent door.
 11684 | Lair:6   | Found a staircase to the Slime Pits.
 11684 | Lair:6   | Found a viscous altar of Jiyva.
 11985 | Lair:6   | Reached skill level 8 in Summonings
 12249 | Lair:6   | Gained mutation: You are naturally adept at Maces & Staves
                  | (Aptitude +5). [draconic bloodline]
 12249 | Lair:6   | Reached XP level 15. HP: 112/128 MP: 26/30
 12628 | D:5      | Your scales start taking on a fierce pink colour.
 12628 | D:5      | Reached skill level 12 in Summonings
 12628 | D:5      | Reached XP level 15. HP: 128/128 MP: 30/30
 12690 | Orc:1    | Entered Level 1 of the Orcish Mines
 12924 | Orc:1    | Reached skill level 13 in Summonings
 12932 | Orc:1    | Killed from afar by an ettin

Levels and vault maps discovered:
D:1:      lemuel_arrival_river_passageway, layout_rooms, minmay_domino_2
D:2:      layout_sewer, uniq_purgy
D:3:      ossuary_due_small_catacomb, layout_cave_pools, first_ration,
          uniq_ijyb, uniq_edmund, uniq_sigmund
D:4:      layout_basic, nicolae_ru_great_annihilating_truth,
          minmay_temple_entry_sparse_star, serial_shops, shop
D:5:      layout_rooms, erik_lair_orcish_takeover, serial_shops,
          nicolae_shop_statue_plus, basic_altar, uniq_fannar
D:6:      kennysheep_kobold_grotto, layout_basic, zombieorc1_lemuel
Temple:   grunt_wide_crystal_templ
Lair:1:   layout_roguey, basic_altar, chequers_serial_rivers_micro_e,
          hangedman_lair_unloving_vines, chequers_serial_rivers_room_a,
          serial_bayou_shore_b, lemuel_fruit_tree, lemuel_fruit_fields,
          uniq_maggie
Lair:2:   layout_long_grid, infiniplex_staircase_pool, grunt_megastairs_3
Lair:3:   layout_long_grid, minmay_shoals_entry_beasts,
          lightli_volcano_entry_magma_tube, lemuel_fruit_fields
Lair:4:   layout_hall_layers, dummy_spider_entry, nicolae_lair_yak_garden,
          lemuel_fruit_fields, uniq_nergalle
Lair:5:   layout_roguey, grunt_megastairs_4
Lair:6:   hangedman_lair_caniforms_friends, layout_loops_ring,
          guppyfry_lair_end_dragon, slime_altar_1, ebering_ghost_disaster_area
Orc:1:    layout_caves, uniq_jorgrun

Skill      XL: |  1  2  3  4  5  6  7  8  9 10 11 12 13 14 15 |
---------------+----------------------------------------------+-----
Unarmed Combat | 3 4 5 6 7 8 9 11 | 11.7
Spellcasting   | 3 4 5 6 8 9 10 11 | 11.9
Transmutations | 2 3 4 5 6 10 6 |  6.6
Fighting       | 2 3 4 6 7 8 9 10 | 10.5
Dodging        | 2 3 4 |  4.5
Invocations    | 2 4 5 7 10 11 12 | 12.0
Stealth        | 1 3 |  3.6
Air Magic      | 1 |  1.1
Summonings     | 2 6 8 13 | 13.0
Fire Magic     | 2 6 8 9 |  9.0
Hexes          | |  0.2
Ice Magic      | |  0.9

Action                   |  1- 3 |  4- 6 |  7- 9 | 10-12 | 13-15 || total
-------------------------+-------+-------+-------+-------+-------++-------
Melee: Unarmed           |    78 |    65 |   286 |   556 |   723 ||  1708
       Tailslap          |       |     4 |     8 |    27 |    57 ||    96
       Headbutt          |       |     1 |       |     7 |    13 ||    21
 Cast: Snakes to Sticks  |       |     3 |       |       |       ||     3
       Beastly Appendage |       |     1 |       |     3 |     7 ||    11
       Blade Hands       |       |     1 |    21 |    27 |    19 ||    68
       Freezing Cloud    |       |       |       |     9 |    13 ||    22
       Ignition          |       |       |       |       |     6 ||     6
Invok: Choose Tiamat's R |       |       |       |     1 |       ||     1
       Choose Bahamut's  |       |       |       |     1 |       ||     1
       Choose Bahamut's  |       |       |       |     1 |       ||     1
       Choose Tiamat's T |       |       |       |     1 |       ||     1
       Receive Book of t |       |       |       |     1 |       ||     1
       Change Draconian  |       |       |       |       |     4 ||     4
 Abil: End Transformatio |       |       |       |     1 |       ||     1
       Breathe Noxious F |       |       |       |       |     2 ||     2
  Use: Scroll            |       |       |       |     1 |       ||     1
 Stab: Sleeping          |       |       |     3 |     8 |    19 ||    30
       Petrified         |       |       |     1 |       |       ||     1
       Distracted        |       |       |       |     1 |     1 ||     2
       Confused          |       |       |       |       |     1 ||     1
  Eat: Chunk             |       |       |    10 |    13 |    18 ||    41
Armor: Skin              |     9 |     3 |    36 |    90 |   112 ||   250
Dodge: Dodged            |    23 |    12 |    61 |   105 |   107 ||   308
